AoeStats
← AoBD | ロイヤル

Arena

510508506Analyzed
4v4 RM · 19h ago on Oct 1, 2026· 45m 29s· 8 players
Game mode
Random Map
Map size
Large (8 player)
Population
200
Speed
Normal
Resources
Standard
Victory
Conquest
Starting age
Dark Age
Ending age
Imperial Age
RankedLock teamsTeams togetherTeam positionsShared explorationLock speedFull tech treeHidden civsTurbo modeCheats
Victory
Defeat
🇦🇹 Lithuanians · Austria
1559
+13
🇪🇸 Sicilians · Spain
1534
+14
🇪🇸 Ethiopians · Spain
1506
+15
🇩🇪 Cumans · Germany
1444
+18
🇧🇷 Bohemians · Brazil
1546
-17
🇵🇪 Khmer · Peru
1495
-15
🇦🇷 Danes · Argentina
1477
-15
🇭🇰 Celts · Hong Kong SAR China
1442
-13
NikTheBrewer
10:01 Feudal Age
9:57 Loom
10:37 Double-Bit Axe
11:17 Loom
14:00 Castle Age
14:05 Horse Collar
15:00 Bow Saw
14:54 Heavy Plow
15:31 Town Watch
20:05 Wheelbarrow
22:06 Gold Mining
24:31 Masonry
24:21 Stone Mining
25:48 Hand Cart
29:44 Imperial Age
27:17 Fletching
28:07 Padded Archer Armor
29:30 Gold Shaft Mining
29:35 Ballistics
29:24 Bodkin Arrow
31:38 Chemistry
30:59 Bracer
30:38 Crossbowman
31:36 Leather Archer Armor
32:12 Architecture
31:41 Arbalester
32:26 Thumb Ring
33:43 Conscription
34:43 Fortified Wall
35:53 Two-Man Saw
36:13 Town Patrol
37:06 Ring Archer Armor
37:11 Conscription
38:25 Torsion Engines
39:06 Capped Ram
40:29 Siege Engineers
40:21 Murder Holes
40:27 Siege Ram
Wolf Knight
10:47 Feudal Age
14:32 Castle Age
12:34 Double-Bit Axe
13:16 Horse Collar
15:23 Bow Saw
17:10 Heavy Plow
24:32 Wheelbarrow
28:11 Imperial Age
26:53 First Crusade
26:36 Scale Mail Armor
28:13 Chain Mail Armor
28:09 Forging
28:17 Squires
30:45 Plate Mail Armor
30:50 Iron Casting
29:47 Elite Serjeant
33:30 Conscription
33:15 Onager
36:06 Blast Furnace
34:32 Capped Ram
36:51 Siege Engineers
40:57 Fletching
40:57 Arrowslits
41:24 Masonry
41:58 Bodkin Arrow
42:18 Arson
42:19 Gambesons
42:57 Ballistics
43:39 Chemistry
43:37 Siege Ram
[DDocs] Haasal
5:03 Loom
10:54 Feudal Age
11:32 Double-Bit Axe
14:29 Castle Age
22:01 Wheelbarrow
21:51 Bow Saw
22:24 Bow Saw
21:58 Horse Collar
27:45 Imperial Age
25:37 Bloodlines
26:32 Hand Cart
27:44 Gold Mining
28:28 Scale Barding Armor
28:33 Forging
27:51 Cavalier
28:52 Heavy Plow
30:09 Chain Barding Armor
30:16 Stone Mining
30:44 Paladin
32:50 Crop Rotation
33:17 Plate Barding Armor
32:59 Light Cavalry
34:37 Conscription
35:47 Iron Casting
35:40 Winged Hussar
41:29 Fletching
44:47 Husbandry
Tsunade
8:41 Feudal Age
9:19 Double-Bit Axe
12:17 Town Watch
12:18 Loom
12:25 Loom
15:41 Horse Collar
19:46 Castle Age
18:23 Wheelbarrow
19:54 Scale Barding Armor
20:02 Bloodlines
20:04 Forging
20:53 Bow Saw
20:46 Heavy Plow
24:16 Hand Cart
29:23 Imperial Age
27:26 Light Cavalry
28:38 Chain Barding Armor
28:54 Iron Casting
31:02 Plate Barding Armor
29:49 Cavalier
31:33 Two-Man Saw
30:35 Devotion
30:43 Gold Mining
31:36 Paladin
34:48 Blast Furnace
33:53 Hussar
42:52 Coinage
45:25 Gold Shaft Mining
44:41 Stone Mining
AoBD | ロイヤル
10:50 Feudal Age
12:19 Double-Bit Axe
14:55 Castle Age
12:43 Horse Collar
15:57 Bow Saw
22:33 Loom
23:35 Wheelbarrow
23:20 Heavy Plow
24:14 Gold Mining
28:36 Imperial Age
26:42 Squires
26:27 Arson
27:12 Town Watch
27:48 Scale Mail Armor
27:17 Hamask
28:26 Forging
28:57 Chain Mail Armor
29:57 Iron Casting
30:22 Conscription
30:05 Elite Varangian Guard
30:35 Capped Ram
32:43 Plate Mail Armor
33:56 Gambesons
35:13 Blast Furnace
33:49 Siege Ram
34:54 Northmen's Fury
35:06 Pikeman
36:19 Halberdier
39:06 Elite Jomsviking
42:35 Fletching
45:05 Chemistry
KLIKELIN
10:55 Feudal Age
13:42 Castle Age
14:17 Double-Bit Axe
15:40 Bow Saw
18:11 Horse Collar
18:57 Heavy Plow
21:19 Wheelbarrow
21:55 Loom
24:46 Hand Cart
27:48 Imperial Age
26:27 Gold Mining
26:28 Stone Mining
28:31 Ballistics
27:56 Heavy Scorpion
29:35 Conscription
29:15 Double Crossbow
29:17 Town Watch
30:33 Gold Shaft Mining
30:35 Stone Shaft Mining
31:05 Chemistry
31:11 Town Patrol
31:31 Forging
31:27 Scale Barding Armor
31:29 Siege Engineers
31:43 Husbandry
31:53 Bloodlines
31:04 Light Cavalry
33:46 Hussar
35:16 Iron Casting
35:03 Chain Barding Armor
37:31 Blast Furnace
36:32 Scale Mail Armor
37:07 Pikeman
37:47 Halberdier
39:21 Crop Rotation
41:02 Chain Mail Armor
41:24 Plate Barding Armor
45:11 Fortified Wall
Freegan
3:51 Loom
11:16 Feudal Age
12:37 Double-Bit Axe
15:00 Castle Age
13:13 Horse Collar
13:27 Gold Mining
22:28 Pikeman
24:33 Forging
34:55 Imperial Age
32:31 Fletching
33:48 Wheelbarrow
38:47 Iron Casting
38:12 Scale Mail Armor
38:47 Iron Casting
逆·风
11:42 Feudal Age
12:30 Double-Bit Axe
15:28 Castle Age
14:04 Horse Collar
16:24 Heavy Plow
16:34 Bow Saw
17:38 Fervor
18:12 Bow Saw
18:06 Loom
21:33 Town Watch
22:35 Wheelbarrow
22:46 Fletching
25:15 Hand Cart
29:43 Imperial Age
27:45 Ballistics
28:26 Chemistry
28:06 Bodkin Arrow
28:36 Wagenburg Tactics
28:33 Padded Archer Armor
29:42 Leather Archer Armor
29:52 Ballistics
30:48 Conscription
31:39 Ring Archer Armor
31:09 Bracer
31:15 Bracer
31:32 Elite Skirmisher
33:18 Siege Engineers
35:51 Two-Man Saw
37:06 Scale Mail Armor
37:16 Forging
36:28 Pikeman
37:09 Squires
36:55 Arson
42:57 Chain Mail Armor
43:18 Iron Casting
43:17 Houfnice
45:48 Plate Mail Armor
44:54 Halberdier
Connection lost

Rejoining the realm…

Still unreachable

The connection could not be restored.

Session expired

The server has moved on; the page needs a fresh start.